 Dungeon Crawl Stone Soup version 0.29-a0-284-gf9362112df (console) character file.

Game seed: 11029312180039605019

950162 petzl the Sorcerer (level 27, -11/201 (203) HPs)
             Began as a Formicid Arcane Marksman on Mar 22, 2022.
             Was the Champion of Vehumet.
             Mangled by Qujimp Mojo the pandemonium lord (20 damage)
             ... in Pandemonium on Apr 13, 2022.
             The game lasted 16:06:14 (132317 turns).

petzl the Sorcerer (Formicid Arcane Marksman)     Turns: 132317, Time: 16:06:16

HP:   -11/201 (203) AC: 26    Str: 18 (19) XL:     27
MP:   14/50         EV: 13    Int: 32      God:    Vehumet [******]
Gold: 5792          SH: 16    Dex:  9      Spells: 2/73 levels left

rFire   + + +      SeeInvis +   b - +3 staff {rElec rF++ rC++ AC+5}
rCold   + + +      Faith    .   N - +3 kite shield {reflect}
rNeg    + . .      Spirit   .   j - +5 ring mail of Piolast {-Tele Contam Regen+ Int+8 Slay+6}
rPois   +          Reflect  +   (helmet unavailable)
rElec   +          Harm     .   s - +2 cloak {rPois}
rCorr   +          Rampage  .   S - +2 pair of gloves {Stlth+}
Will    +++..                   p - +1 pair of boots of the New World {Will+ Slay+4}
Stlth   +++++.....              z - amulet of Vitality {Regen+ HP+15}
HPRegen 2.03/turn               F - ring of the Thirsty Artists {Contam rF+ rC+ rN+ Int+3}
MPRegen 0.32/turn               o - ring of the Cockatrice {Fly rPois rCorr Str+3 Int-3}

@: in a vortex, flying, very slightly contaminated, studying 3 skills, lightly
drained
A: permanent stasis, dig shafts and tunnels, antennae 3, four strong arms,
clumsy 1, cold resistance 1, deformed body, fire resistance 1, frail 2, weak 1,
wild magic 1
}: 9/15 runes: serpentine, barnacled, slimy, silver, demonic, glowing, magical,
fiery, dark
a: Dig, Renounce Religion


You were in Pandemonium.
You worshipped Vehumet.
Vehumet was exalted by your worship.
You visited 12 branches of the dungeon, and saw 57 of its levels.
You visited Pandemonium 8 times, and saw 19 of its levels.
You also visited: Trove, Ossuary, Gauntlet and Wizlab.

You collected 13991 gold pieces.
You spent 8199 gold pieces at shops.

Inventory:

Hand Weapons
 a - a +9 hand crossbow of freezing
 b - the +3 Elemental Staff (weapon) {rElec rF++ rC++ AC+5}
   (You acquired it on level 6 of the Dungeon)

   If the wielder is skilled in Evocations, they can discharge powerful blasts
   of elemental energy when striking with it.
   It enhances your fire, ice, earth and air magic.
   AC:        It affects your AC (+5).
   rF:        It greatly protects you from fire.
   rC:        It greatly protects you from cold.
   rElec:     It insulates you from electricity.
 c - the +8 flail of Charmed Integrity {flame, rPois Int+10}
   (You took it off a spriggan air mage on level 1 of the Depths)

   It burns those it strikes, dealing additional fire damage.
   Int:       It affects your intelligence (+10).
   rPois:     It protects you from poison.
 d - a +9 triple sword of protection
Missiles
 H - 5 throwing nets
 M - 16 curare-tipped darts {!*}
 O - 27 silver javelins
Armour
 j - the +5 ring mail of Piolast (worn) {-Tele Contam Regen+ Int+8 Slay+6}
   (You found it on level 3 of the Realm of Zot)

   Int:       It affects your intelligence (+8).
   Slay:      It affects your accuracy & damage with ranged weapons and melee
   (+6).
   -Tele:     It prevents most forms of teleportation.
   Contam:    It causes magical contamination when unequipped.
   Regen:     It increases your rate of health regeneration.
 p - the +1 pair of boots of the New World (worn) {Will+ Slay+4}
   (You found it in Pandemonium)

   Slay:      It affects your accuracy & damage with ranged weapons and melee
   (+4).
   Will:      It increases your willpower.
 s - a +2 cloak of poison resistance (worn)
 v - a +5 kite shield of protection
 N - a +3 kite shield of reflection (worn)
 S - a +2 pair of gloves of stealth (worn)
Jewellery
 o - the ring of the Cockatrice (right hand) {Fly rPois rCorr Str+3 Int-3}
   (You found it in Pandemonium)

   [ring of flight]

   Str:       It affects your strength (+3).
   Int:       It affects your intelligence (-3).
   rPois:     It protects you from poison.
   Fly:       It grants you flight.
   rCorr:     It protects you from acid and corrosion.
 z - the amulet of Vitality (around neck) {Regen+ HP+15}
   (You took it off a deep elf annihilator on level 3 of the Elven Halls)

   [amulet of regeneration]

   HP:        It affects your health (+15).
   Regen:     It increases your rate of health regeneration.
 F - the ring of the Thirsty Artists (left hand) {Contam rF+ rC+ rN+ Int+3}
   (You took it off a deep elf sorcerer on level 3 of the Elven Halls)

   [ring of protection from cold]

   Int:       It affects your intelligence (+3).
   rF:        It protects you from fire.
   rC:        It protects you from cold.
   rN:        It protects you from negative energy.
   Contam:    It causes magical contamination when unequipped.
Wands
 g - a wand of mindburst (47)
 n - a wand of acid (46)
 x - a wand of charming (20)
 C - a wand of digging (27)
 I - a wand of paralysis (21)
 K - a wand of iceblast (21)
Scrolls
 q - 3 scrolls of summoning
 T - 23 scrolls of fear
 W - 16 scrolls of fog
 X - 8 scrolls of holy word
 Y - 3 scrolls of magic mapping
Potions
 e - 8 potions of brilliance
 h - 4 potions of resistance
 m - 4 potions of ambrosia
 u - 32 potions of curing
 B - 2 potions of heal wounds
 G - 7 potions of cancellation
 J - a potion of invisibility
Miscellaneous
 l - a lightning rod (4/4)
 t - a phantom mirror
 P - a phial of floods
 Q - a tin of tremorstones (2/2)


   Skills:
 + Level 23.0 Fighting
 - Level 11.0 Long Blades
 - Level 4.0 Crossbows
 - Level 16.0 Armour
 + Level 11.2 Dodging
 + Level 13.6 Stealth
 + Level 18.6 Shields
 + Level 23.9 Spellcasting
 + Level 20.3 Conjurations
 - Level 3.6 Hexes
 - Level 17.0 Necromancy
 - Level 10.0 Translocations
 - Level 17.0 Transmutations
 + Level 21.4 Fire Magic
 + Level 20.4 Ice Magic
 - Level 6.0 Air Magic
 - Level 5.0 Earth Magic
 - Level 5.0 Poison Magic
 - Level 8.0 Evocations


You had 2 spell levels left.
You knew the following spells:

 Your Spells              Type           Power      Damage    Failure   Level
a - Slow                  Hex            100%       N/A       1%          1
d - Fireball              Conj/Fire      73%        3d27      1%          5
g - Apportation           Tloc           100%       N/A       1%          1
l - Freezing Cloud        Conj/Ice/Air   79%        6-21      1%          5
m - Fire Storm            Conj/Fire      73%        8d19      11%         9
n - Polar Vortex          Ice            73%        N/A       13%         9
o - Orb of Destruction    Conj           60%        9d15      1%          7
p - Passage of Golubria   Tloc           93%        N/A       1%          4
s - Sticky Flame          Conj/Fire      100%       2d11      1%          4
u - Sublimation of Blood  Necr           100%       N/A       1%          2
A - Ozocubu's Armour      Ice            100%       N/A       1%          3
C - Conjure Ball Lightni  Conj/Air       63%        3x3d23    1%          6
I - Ignite Poison         Fire/Tmut/Pois 100%       N/A       1%          3
T - Olgreb's Toxic Radia  Pois           74%        N/A       1%          4
U - Necromutation         Tmut/Necr      56%        N/A       13%         8

Your spell library contained the following spells:

 Spells                   Type           Power      Damage    Failure   Level
 Beastly Appendage        Tmut           100%       N/A       1%          1
 Foxfire                  Conj/Fire      100%       2x1d9     1%          1
 Freeze                   Ice            100%       1d11      1%          1
 Magic Dart               Conj           100%       1d8       1%          1
 Pain                     Necr           100%       1d9       1%          1
 Sandblast                Erth           100%       2d20      1%          1
 Shock                    Conj/Air       100%       1d9       1%          1
 Sting                    Tmut/Pois      100%       1d8       1%          1
 Corpse Rot               Necr/Air       100%       N/A       1%          2
 Ensorcelled Hibernation  Hex/Ice        100%       N/A       1%          2
 Passwall                 Tmut/Erth      99%        N/A       1%          2
 Poisonous Vapours        Pois/Air       100%       N/A       1%          2
 Scorch                   Fire           100%       2d10      1%          2
 Searing Ray              Conj           100%       2d8       1%          2
 Static Discharge         Conj/Air       100%       N/A       1%          2
 Wereblood                Tmut           100%       N/A       1%          2
 Call Imp                 Summ           49%        N/A       4%          2
 Conjure Flame            Conj/Fire      100%       6-21      1%          3
 Dazzling Flash           Conj/Hex       100%       N/A       1%          3
 Frozen Ramparts          Ice            100%       1d12      1%          3
 Gell's Gravitas          Tloc           93%        N/A       1%          3
 Inner Flame              Hex/Fire       100%       N/A       1%          3
 Lesser Beckoning         Tloc           93%        N/A       1%          3
 Mephitic Cloud           Conj/Pois/Air  100%       N/A       1%          3
 Portal Projectile        Hex/Tloc       100%       N/A       1%          3
 Spider Form              Tmut/Pois      96%        N/A       1%          3
 Stone Arrow              Conj/Erth      100%       3d13      1%          3
 Teleport Other           Tloc           93%        N/A       1%          3
 Vampiric Draining        Necr           100%       2d13      1%          3
 Airstrike                Air            49%        N/A       1%          4
 Anguish                  Hex/Necr       47%        N/A       1%          4
 Animate Dead             Necr           56%        N/A       1%          4
 Dispel Undead            Necr           100%       3d31      1%          4
 Flame Wave               Conj/Fire      100%       2d17      1%          4
 Fulminant Prism          Conj/Hex       49%        3d21      1%          4
 Hailstorm                Conj/Ice       100%       3d20      1%          4
 Ice Form                 Ice/Tmut       100%       N/A       1%          4
 Iskenderun's Mystic Bla  Conj/Tloc      100%       2d19      1%          4
 Petrify                  Tmut/Erth      100%       N/A       1%          4
 Summon Ice Beast         Ice/Summ       100%       N/A       1%          4
 Agony                    Necr           100%       N/A       1%          5
 Alistair's Intoxication  Tmut/Pois      64%        N/A       1%          5
 Blade Hands              Tmut           56%        N/A       1%          5
 Borgnjor's Vile Clutch   Necr/Erth      59%        N/A       1%          5
 Excruciating Wounds      Necr           56%        N/A       1%          5
 Irradiate                Conj/Tmut      58%        3d32      1%          5
 Iskenderun's Battlesphe  Conj           100%       2d15      1%          5
 Lightning Bolt           Conj/Air       63%        1d86      1%          5
 Manifold Assault         Tloc           93%        N/A       1%          5
 Metabolic Englaciation   Hex/Ice        61%        N/A       1%          5
 Yara's Violent Unravell  Hex/Tmut       47%        3d18      1%          5
 Death Channel            Necr           56%        N/A       1%          6
 Eringya's Noxious Bog    Tmut/Pois      48%        N/A       1%          6
 Iron Shot                Conj/Erth      62%        9d12      1%          6
 Simulacrum               Ice/Necr       71%        N/A       1%          6
 Starburst                Conj/Fire      73%        6d19      1%          6
 Ozocubu's Refrigeration  Ice            73%        4d19      1%          7
 Ignition                 Fire           74%        3d19      1%          8
 Confusing Touch          Hex            68%        N/A       2%          3
 Tukima's Dance           Hex            68%        N/A       2%          3
 Lee's Rapid Deconstruct  Erth           47%        3d24*     2%          5
 Dragon Form              Tmut           56%        N/A       2%          7
 Summon Guardian Golem    Hex/Summ       59%        N/A       3%          3
 Leda's Liquefaction      Hex/Erth       45%        N/A       4%          4
 Statue Form              Tmut/Erth      79%        N/A       4%          6
 Cause Fear               Hex            34%        N/A       5%          4
 Dispersal                Tloc           46%        N/A       6%          6
 Call Canine Familiar     Summ           49%        N/A       7%          3
 Summon Lightning Spire   Summ/Air       84%        N/A       7%          4
 Spellforged Servitor     Conj/Summ      47%        N/A       7%          7
 Animate Armour           Summ/Erth      100%       N/A       9%          4
 Silence                  Hex/Air        47%        N/A       9%          5
 Summon Forest            Summ/Tloc      37%        N/A       9%          5
 Borgnjor's Revivificati  Necr           56%        N/A       13%         8
 Storm Form               Tmut/Air       60%        N/A       16%         7
 Lehudib's Crystal Spear  Conj/Erth      62%        10d14     17%         8
 Summon Mana Viper        Hex/Summ       59%        N/A       26%         5
 Chain Lightning          Conj/Air       63%        3d84      85%         9
 Death's Door             Necr           56%        N/A       86%         9
 Malign Gateway           Summ/Tloc      37%        N/A       89%         7
 Disjunction              Tloc           46%        N/A       89%         8
 Maxwell's Capacitive Co  Air            49%        ∞         90%         8
 Summon Cactus Giant      Summ           24%        N/A       95%         6
 Enfeeble                 Hex            34%        N/A       97%         7
 Monstrous Menagerie      Summ           24%        N/A       100%        7
 Summon Hydra             Summ           24%        N/A       100%        7
 Discord                  Hex            34%        N/A       100%        8
 Dragon's Call            Summ           24%        N/A       100%        9
 Shatter                  Erth           47%        3d36*     100%        9
 Blink                    Tloc           Unusable   N/A       N/A         2
 Swiftness                Air            Unusable   N/A       N/A         3

Dungeon Overview and Level Annotations

Branches:
Dungeon (15/15)            Temple (0/1) D:5            Lair (6/6) D:8
 Shoals (4/4) Lair:4        Snake (4/4) Lair:4        Slime (5/5) Lair:5
    Orc (2/2) D:10            Elf (3/3) Orc:2        Vaults (5/5) D:13
  Crypt (3/3) Vaults:3       Tomb (1/3) Crypt:3      Depths (4/4) D:15
    Zot (5/5) Depths:4    Ossuary (visited)          WizLab (visited)
Gauntlet (visited)

Altars:
Ashenzari
Cheibriados
Dithmenos
Elyvilon
Gozag
Hepliaklqana
Kikubaaqudgha
Nemelex Xobeh
Okawaru
Ru
Sif Muna
Uskayaw
Vehumet
Xom
Yredelemnul
The Shining One
Beogh
Lugonu

Shops:
D:9 :   D:10 *(   D:13 ?   D:14 (:*[   Orc:1 [:(   Orc:2 (:[*   Elf:3 =
Shoals:3 :   Snake:2 :(:   Vaults:2 =([(   Vaults:4 =   Depths:2 =::

Portals:
Hell: Depths:1 Depths:2 Depths:3 Depths:4
Abyss: Depths:3 Depths:4
Pandemonium: Depths:2
Ziggurat: Depths:3

Annotations:
D:8 bronco's ghost, novice HuSu
Elf:1 1 runed translucent door


Innate Abilities, Weirdness & Mutations

You cannot be hasted, slowed, berserked, paralysed or teleported.
You can dig through walls and to a lower floor.
You have a pair of large antennae on your head. (SInv)
Your four strong arms can wield two-handed weapons with a shield.
You are clumsy. (Dex -2)
Your flesh is cold resistant. (rC+)
Armour fits poorly on your strangely shaped body.
Your flesh is heat resistant. (rF+)
You are very frail. (-20% HP)
You are weak. (Str -2)
Your spells are a little harder to cast, but a little more powerful.


Message History

Unknown command.
Okay, then.
Unknown command.
Unknown command.
Unknown command.
You feel much better. Qujimp Mojo barely misses you.
The ynoxinul gestures.
The winds around you calm down.
The soul eater draws from the surrounding life force!
The soul eater is healed.
Qujimp Mojo bursts into living lightning!
The living lightning misses you.
Qujimp Mojo blinks!
The chaos spawn gores you but does no damage.
A lorocyproca comes into view.
Found a There-And-Back Book.
The soul eater draws from the surrounding life force!
The soul eater is healed.
Qujimp Mojo sneers, "I will feast on thy liver!"
Found a glowing dagger.
Found a gate leading to another region of Pandemonium.
Qujimp Mojo attacks as you move away! Qujimp Mojo hits you!!
Qujimp Mojo sneers, "Beg for mercy, thou clouted shard-borne barnacle!"
The lorocyproca hits you!!
* * * LOW HITPOINT WARNING * * *
You feel your power leaking away. You block Qujimp Mojo's attack.
Magic courses through your body.
Qujimp Mojo sneers, "Thy liver shall be my breakfast!"
Qujimp Mojo hits you!!!
* * * LOW HITPOINT WARNING * * *
Unknown command.
Casting: Sticky Flame (safe; 1% risk of failure)
Confirm with . or Enter, or press ? or * to list all spells.
You feel a surge of power!
A great freezing vortex appears around you.
You block Qujimp Mojo's attack. The lorocyproca hits you!
* * * LOW HITPOINT WARNING * * *
You feel your power leaking away. You block the lorocyproca's attack.
Qujimp Mojo hits you!!
You die...

..## ##.##
##∩## .##
##..# #..##
..## ##..##
##..##
.†.## #..##
##..# ....#
##.## ##.##
....####..#
#..##
.....##..##
##..##
.)...#..##
##..#
.)...#..#
#..##
....#..##
##..##
...#..##
##..#
..#..## ##
#..#
.###..##
#∩# ##..#
..###).##
#... ##..##
#..###..#
#.:.. #..##
##..##..##
#..... #..#
#..##..##
#...# #.##
..###..#
##2..# ###
.# ##.##
##@2.# ##
#..##
##54&##
##..##
##.§.##
##..#
##...##
##.##
##3..##
#..##
#...##
##..# #..##
##.####3##
#.○##5.#
##○{5.##
##..##
##.## #..##
##{.# ##{##
##3## #55##
##.5# ##5##


You could see Qujimp Mojo, 2 lorocyprocas, a soul eater, a ynoxinul, a chaos
spawn and an ufetubus (summoned).

Vanquished Creatures
  Cerebov (Pan)
  the Royal Jelly (Slime:5)
  Gloorx Vloq (Pan)
  A seraph (Pan)
  Lom Lobon (Pan)
  Mnoleg (Pan)
  4 orbs of fire (Zot:5)
  8 dread liches
  6 ancient liches
  Parghit (Depths:4)
  Vv (Zot:2)
  Frederick (Crypt:3)
  3 Killer Klowns
  Saint Roka (Crypt:1)
  11 pandemonium lords (Pan)
  A caustic shrike (Depths:3)
  2 curse toes
  7 golden dragons
  2 pearl dragons (Pan)
  A bone dragon (Crypt:3)
  5 electric golems
  12 Tzitzimimeh (Pan)
  5 Brimstone Fiends (Pan)
  21 tentacled monstrosities
  2 hellephants (Pan)
  Jorgrun (Orc:2)
  13 Hell Sentinels (Pan)
  Zenata (Crypt:3)
  22 Orb Guardians (Zot:5)
  The ghost of ziggurnaut the Warrior, an adept HOFE of Elyvilon (Vaults:2)
  Asterion (Snake:2)
  A walking crystal tome (Depths:3)
  7 quicksilver dragons
  7 Ice Fiends (Pan)
  2 deep elf blademasters (Elf:3)
  4 deep elf master archers
  7 liches
  30 Executioners (Pan)
  An eldritch tentacle (Pan)
  5 titans (Vaults:5)
  A walking divine tome (Depths:3)
  7 death cobs
  16 sphinxes
  2 ancient champions
  9 shadow dragons
  15 storm dragons
  15 acid blobs
  3 krakens
  Ilsuiw (Shoals:2)
  The ghost of Pooter the Severer, an adept MiBe of Trog (Elf:1)
  Kirke (Snake:2)
  Polyphemus (Shoals:4)
  14 demonspawn warmongers (Pan)
  2 draconian monks
  6 tengu reavers
  15 rockslimes
  12 azure jellies
  2 revenants
  Donald (Lair:4)
  11 nagarajas
  5 draconian knights
  17 daevas (Pan)
  9 draconian scorchers
  7 frost giants
  Aizul (Snake:1)
  An iron dragon (Depths:3)
  7 deep elf sorcerers
  6 fire giants
  3 orc warlords
  3 deep elf elementalists (Elf:3)
  A spectral caustic shrike (WizLab)
  14 vault wardens
  31 cacodemons (Pan)
  35 balrugs (Pan)
  34 angels (Pan)
  Louise (D:15)
  3 ghouls
  4 curse skulls
  A juggernaut zombie (Crypt:3)
  4 draconian stormcallers
  6 war gargoyles
  7 spriggan defenders
  15 ironbound preservers
  15 reapers (Pan)
  4 draconian annihilators
  A juggernaut skeleton (Pan)
  19 demonspawn blood saints (Pan)
  4 draconian shifters
  32 very ugly things
  9 ironbound thunderhulks
  10 quicksilver oozes
  2 caustic shrike skeletons
  14 ophanim (Pan)
  9 demonspawn corrupters (Pan)
  11 stone giants
  28 apis (Pan)
  The ghost of Patoropollo the Protected, a journeyman MiFi of Cheibriados (Lair:5)
  10 deep elf demonologists
  28 lorocyprocas (Pan)
  6 green draconians
  A spectral titan (WizLab)
  The ghost of sammy202020 the Fighter, a journeyman DsBe of Trog (D:14)
  6 dire elephants
  12 yellow draconians
  19 demonspawn black suns (Pan)
  A vampire knight (Crypt:2)
  9 black draconians
  2 pale draconians (Depths:4)
  2 minotaurs
  8 red draconians
  10 deep elf annihilators
  Azrael (D:15)
  9 purple draconians
  26 blizzard demons (Pan)
  8 white draconians
  6 deep elf death magi (Elf:3)
  3 eidola (WizLab)
  8 green deaths (Pan)
  5 spark wasps
  4 merfolk impalers (Shoals:4)
  Josephine (Snake:1)
  Snorg (D:14)
  8 merfolk javelineers
  2 mummy priests (Tomb:1)
  A quicksilver dragon zombie (Crypt:1)
  6 fire dragons
  2 deep elf high priests (Elf:3)
  10 jiangshi
  14 yaktaur captains
  10 ettins
  2 crystal guardians (Vaults:2)
  10 hydras
  6 rakshasas
  14 great orbs of eyes
  A salamander tyrant (Snake:4)
  28 vault guards
  9 hell beasts (Pan)
  3 merfolk avatars
  2 boulder beetles
  3 spriggan zombies (Crypt:3)
  9 ice dragons
  10 naga warriors
  10 centaur warriors
  A radroach (shapeshifter) (Vaults:5)
  8 ironbound frosthearts
  2 catoblepae
  5 peacekeepers
  5 ogre magi
  2 juggernaut simulacra (Pan)
  6 two-headed ogres
  4 spriggan air magi
  3 spriggan skeletons (Pan)
  3 merfolk aquamancers
  5 anacondas
  4 death scarabs (Tomb:1)
  2 alligator snapping turtles
  31 dancing weapons
  7 deep troll shamans
  8 tengu warriors
  2 death yaks (Shoals:4)
  2 death knights
  4 satyrs (Shoals:4)
  3 hell hogs (Pan)
  6 vampire magi
  7 deep troll earth magi
  12 naga sharpshooters
  9 shock serpents
  4 orc high priests
  17 deep elf knights
  A titan zombie (WizLab)
  A storm dragon zombie (Crypt:1)
  Sonja (Lair:2)
  47 soul eaters (Pan)
  A titan skeleton (Crypt:2)
  141 sun demons (Pan)
  7 hell knights
  5 salamander mystics
  10 shadow wraiths
  11 iron trolls
  A golden dragon zombie (Vaults:2)
  31 skeletal warriors
  2 spark wasp zombies (WizLab)
  43 deep trolls
  12 cherubim (Pan)
  A death drake (shapeshifter) (Vaults:3)
  2 sea snakes (shapeshifter)
  36 sixfirhies (Pan)
  12 shadow demons (Pan)
  2 flayed ghosts (WizLab)
  13 sea snakes
  4 naga ritualists (Snake:4)
  5 glowing orange brains
  A spectral wolf spider (WizLab)
  12 deep elf archers
  A glowing orange brain (shapeshifter) (Depths:3)
  7 necromancers
  14 phantasmal warriors
  2 bog bodies (Crypt:2)
  A golden dragon skeleton (Pan)
  12 wizards
  11 orc knights
  A bunyip skeleton (Pan)
  30 deep elf zephyrmancers
  9 orc sorcerers
  15 ironbound convokers
  13 lindwurms
  A goliath frog zombie (Crypt:1)
  16 manticores
  9 harpies
  Pikel (D:4)
  20 deep elf pyromancers
  An anaconda skeleton (Pan)
  50 ugly things
  A shadow dragon skeleton (Vaults:3)
  2 mana vipers
  15 salamanders
  28 fauns
  A tengu skeleton (Vaults:3)
  7 shining eyes
  A fire giant skeleton (Crypt:2)
  A worldbinder (Gauntlet)
  4 cyclopes
  29 moths of wrath
  Maurice (D:9)
  28 vault sentinels
  6 elephants (Lair:5)
  2 stone giant skeletons
  A naga zombie (Crypt:3)
  An elephant (shapeshifter) (Vaults:5)
  5 ice statues (Pan)
  6 water nymphs
  15 merfolk sirens
  6 guardian serpents (Snake:4)
  2 frost giant skeletons
  6 gargoyles
  5 rust devils (Pan)
  9 naga magi
  A titan simulacrum (Vaults:2)
  3 eyes of devastation
  4 molten gargoyles (D:14)
  A torpor snail (Lair:4)
  An alligator snapping turtle zombie (Tomb:1)
  21 black mambas
  45 orange demons (Pan)
  An eye of devastation (shapeshifter) (Vaults:5)
  13 cane toads
  A death yak zombie (Crypt:1)
  3 naga skeletons
  65 smoke demons
  A shock serpent skeleton (Crypt:2)
  28 yaktaurs
  2 kobold demonologists
  4 unseen horrors
  A dire elephant skeleton (Crypt:3)
  Maggie (D:6)
  34 hellwings (Pan)
  24 hellions (Pan)
  A human zombie (Vaults:2)
  5 rime drakes
  8 komodo dragons
  A minotaur skeleton (Crypt:1)
  5 freezing wraiths
  8 efreet
  6 guardian mummies
  An alligator snapping turtle skeleton (Pan)
  8 ice devils (Pan)
  A swamp worm zombie (Crypt:1)
  9 tormentors (Pan)
  A spectral harpy (WizLab)
  A tengu conjurer (Depths:1)
  32 demonic crawlers (Pan)
  A hydra zombie (Crypt:3)
  10 red devils
  A human skeleton (Vaults:3)
  A harpy zombie (WizLab)
  8 trolls
  23 merfolk
  4 polar bears
  A meliai (D:13)
  7 wind drakes
  5 harpy skeletons
  6 snapping turtles
  92 slime creatures
  A tarantella (shapeshifter) (Vaults:5)
  11 dream sheep
  4 wyverns
  4 flying skulls
  11 shadows
  43 yaks
  An ushabti (Crypt:3)
  5 ettin skeletons
  The ghost of sammy202020 the Shield-Bearer, an amateur TrFi (D:3)
  10 wraiths
  15 water elementals
  42 ynoxinuls (Pan)
  6 air elementals
  2 hogs (Snake:2)
  A yak (shapeshifter) (D:13)
  5 small abominations (Gauntlet)
  3 fire elementals
  10 basilisks
  A black mamba skeleton (Pan)
  44 chaos spawn (Pan)
  51 neqoxecs (Pan)
  4 steam dragons
  11 vampire mosquitoes
  15 golden eyes
  2 elf skeletons (Vaults:3)
  8 wargs
  A warg (shapeshifter) (Vaults:5)
  62 large abominations (Pan)
  6 acid dragons
  A naga (shapeshifter) (Elf:3)
  23 nagas
  28 water moccasins
  Edmund (D:4)
  3 floating eyes
  A deep troll skeleton (Crypt:2)
  An ogre skeleton (Vaults:3)
  9 hell hounds
  Duvessa (D:4)
  A demonspawn skeleton (Crypt:3)
  An ice beast (D:6)
  4 black bears
  62 orc warriors
  4 sky beasts
  7 boggarts
  3 centaurs
  A boggart (shapeshifter) (Depths:1)
  9 wolves (Lair:1)
  A wolf (shapeshifter) (D:14)
  A hog zombie (Crypt:2)
  15 ogres
  A dream sheep skeleton (Crypt:2)
  3 lemures (D:4)
  12 kobold brigands
  2 necrophages
  13 bullfrogs
  A glowing shapeshifter simulacrum (Vaults:2)
  Blork the orc (D:4)
  An earth elemental (Elf:3)
  2 wyvern zombies
  16 wights
  2 water moccasin zombies (Ossuary)
  Dowan (D:4)
  6 killer bees
  A warg skeleton (Crypt:2)
  An electric eel (Lair:4)
  3 howler monkeys
  2 crimson imps (Gauntlet)
  4 bullfrog zombies (Ossuary)
  5 centaur zombies
  5 centaur skeletons
  3 hounds
  A jelly (Lair:5)
  A basilisk zombie (Crypt:2)
  35 orc priests
  Jessica (D:2)
  21 mummies
  2 iguanas
  36 orc wizards
  4 killer bee zombies (Ossuary)
  A sky beast zombie (Crypt:1)
  A howler monkey zombie (Ossuary)
  12 gnolls
  5 adders
  3 white imps
  2 ufetubi
  A worm zombie (Crypt:1)
  An iguana zombie (Crypt:2)
  4 worms
  5 dart slugs
  96 orcs
  2 endoplasms
  2 giant cockroaches
  2 goblins
  6 hobgoblins
  9 jackals
  52 kobolds
  9 quokkas
  12 ball pythons
  5 bats
  2 frilled lizards (D:1)
  A hobgoblin zombie (Crypt:1)
  A kobold skeleton (Crypt:2)
  4 rats
  A river rat zombie (Crypt:2)
  4 ball lightnings (Pan)
  A demonic plant (Pan)
  222 fire vortices
  4 tentacles
3732 creatures vanquished.

Vanquished Creatures (collateral kills)
  A pandemonium lord (Pan)
  2 Killer Klowns (Zot:5)
  A Tzitzimitl (Pan)
  2 Hell Sentinels (Pan)
  3 Orb Guardians (Zot:5)
  A lich (Pan)
  A titan (Vaults:5)
  4 acid blobs
  A death cob (Zot:5)
  A shadow dragon (Depths:4)
  A demonspawn warmonger (Pan)
  A fire giant (Depths:3)
  A deep elf sorcerer (Elf:3)
  A ghoul (Crypt:2)
  A vault warden (Vaults:2)
  A draconian stormcaller (Zot:2)
  A cacodemon (Pan)
  An ironbound preserver (Vaults:3)
  3 black draconians
  An apis (Pan)
  A demonspawn black sun (Pan)
  A green draconian (Zot:4)
  3 yellow draconians
  A deep elf annihilator (Elf:3)
  A white draconian (Zot:2)
  2 deep elf demonologists
  A dire elephant (Vaults:4)
  A lorocyproca (Pan)
  A deep elf death mage (Elf:3)
  A green death (Pan)
  4 yaktaur captains
  A deep elf high priest (Elf:3)
  An ogre mage (Vaults:5)
  An ironbound frostheart (Vaults:3)
  A death scarab (Tomb:1)
  A shadow wraith (Crypt:2)
  5 skeletal warriors
  2 deep trolls (Vaults:3)
  2 ugly things (Vaults:1)
  2 ironbound convokers
  2 deep elf pyromancers (Elf:3)
  An eye of devastation (Slime:5)
  2 orange demons (Pan)
  A hellion (Pan)
  A yaktaur (Vaults:4)
  A demonic crawler (Pan)
  An alligator snapping turtle skeleton (Pan)
  A hellwing (Pan)
  A hornet (Vaults:5)
  6 slime creatures
  2 ettin skeletons
  A shadow (Crypt:3)
  A naga simulacrum (Crypt:2)
  2 ynoxinuls (Pan)
  2 golden eyes
  A chaos spawn (Pan)
  A wolf (Vaults:4)
  A wyvern skeleton (Crypt:2)
  3 mummies
  3 orcs
  14 ball lightnings
110 creatures vanquished.

Vanquished Creatures (others)
  An eldritch tentacle (Pan)
  A green death (Pan)
  A merfolk aquamancer (Shoals:4)
  A deep elf knight (Elf:2)
  A deep elf zephyrmancer (Elf:1)
  A manticore (Shoals:1)
  A hellwing (Pan)
  An orc (D:9)
  A kobold (D:13)
  294 ball lightnings
  3 demonic plants (Pan)
  1110 fire vortices
  67 fungi
  341 plants
  25 tentacles
  54 withered plants
1903 creatures vanquished.

Grand Total: 5745 creatures vanquished

Notes
Turn   | Place    | Note
-------+----------+-------------------------------------------
     0 | D:1      | petzl the Formicid Arcane Marksman began the quest for the
                  | Orb.
     0 | D:1      | Reached XP level 1. HP: 15/15 MP: 2/2
   148 | D:1      | Reached XP level 2. HP: 19/21 MP: 4/4
   262 | D:1      | You fall into a shaft and drop 1 floor!
  1003 | D:1      | Reached XP level 3. HP: 26/26 MP: 5/5
  1082 | D:1      | Reached skill level 1 in Stealth
  1243 | D:1      | Reached skill level 1 in Armour
  1483 | D:2      | Noticed Jessica
  1512 | D:2      | You fall into a shaft and drop 1 floor!
  1593 | D:3      | Reached XP level 4. HP: 33/33 MP: 7/7
  1905 | D:2      | Learned a level 3 spell: Conjure Flame
  1960 | D:2      | Killed Jessica
  1961 | D:2      | Reached XP level 5. HP: 38/38 MP: 6/8
  2164 | D:2      | Found a faded altar of an unknown god.
  2239 | D:2      | Reached skill level 1 in Fire Magic
  2289 | D:2      | Reached skill level 1 in Conjurations
  3081 | D:3      | Found a large runed translucent door.
  3081 | D:3      | Found a large runed translucent door.
  3085 | D:3      | Noticed sammy202020's ghost (amateur TrFi)
  3455 | D:5      | Entered Level 5 of the Dungeon
  3515 | D:5      | Reached XP level 6. HP: 44/44 MP: 8/10
  3697 | D:4      | Noticed Edmund
  3912 | D:4      | Noticed an ogre
  4101 | D:4      | Found a white marble altar of Elyvilon.
  4117 | D:4      | Noticed an ogre
  4330 | D:4      | Noticed Dowan
  4444 | D:4      | Killed an ogre
  4486 | D:4      | Noticed Pikel
  4516 | D:4      | Killed an ogre
  4517 | D:4      | Reached XP level 7. HP: 49/49 MP: 7/11
  4664 | D:4      | You fall into a shaft and drop 1 floor!
  4731 | D:4      | Learned a level 3 spell: Stone Arrow
  4817 | D:4      | Noticed Blork the orc
  4821 | D:4      | Noticed Duvessa
  4829 | D:4      | You fall into a shaft and drop 1 floor!
  4829 | D:5      | Found a sparkling altar of Nemelex Xobeh.
  4924 | D:5      | You fall into a shaft and drop 3 floors!
  4924 | D:8      | Noticed a water moccasin
  4936 | D:7      | You fall into a shaft and drop 2 floors!
  5031 | D:9      | Noticed an acid dragon
  5045 | D:8      | Noticed bronco's ghost (novice HuSu)
  5045 | D:8      | Found a basalt altar of Yredelemnul.
  5045 | D:8      | Found a runed translucent gate.
  5045 | D:8      | Found a runed translucent gate.
  5045 | D:8      | Found a runed translucent gate.
  5081 | D:8      | Noticed a steam dragon
  5097 | D:8      | Killed a steam dragon
  5098 | D:8      | Reached skill level 1 in Earth Magic
  5447 | D:8      | Reached XP level 8. HP: 53/55 MP: 0/13
  5586 | D:8      | Learned a level 4 spell: Olgreb's Toxic Radiance
  5590 | D:8      | Learned a level 3 spell: Ignite Poison
  5996 | D:8      | Reached skill level 1 in Poison Magic
  6336 | D:8      | Found a hide-covered altar of Uskayaw.
  6350 | D:7      | You fall into a shaft and drop 1 floor!
  6416 | D:9      | Found Deuteh's Book Shop.
  6473 | D:9      | Reached skill level 1 in Transmutations
  6577 | D:9      | Noticed Maurice
  6591 | D:9      | Killed Maurice
  6592 | D:9      | Reached XP level 9. HP: 62/64 MP: 11/15
  6812 | D:6      | Identified a scroll of acquirement
  6820 | D:6      | Acquired the +3 Elemental Staff {rElec rF++ rC++ AC+5}
  6820 | D:6      | Found the +3 Elemental Staff {rElec rF++ rC++ AC+5}
  6826 | D:6      | Found a radiant altar of Vehumet.
  6836 | D:6      | Became a worshipper of Vehumet
  6998 | D:6      | Found a sand-covered staircase.
  7003 | Ossuary  | Entered an ossuary
  7165 | Ossuary  | Reached skill level 5 in Spellcasting
  7261 | Ossuary  | Reached skill level 5 in Poison Magic
  7312 | Ossuary  | Reached * piety under Vehumet
  7312 | Ossuary  | Offered knowledge of Shock by Vehumet.
  7318 | Ossuary  | Learned a level 4 spell: Sticky Flame
  8146 | D:6      | Noticed a kobold demonologist
  8590 | D:5      | Found a staircase to the Ecumenical Temple.
  8950 | D:4      | Killed Blork the orc
  8951 | D:4      | Reached skill level 5 in Fighting
  9038 | D:4      | Killed Duvessa
  9039 | D:4      | Reached XP level 10. HP: 74/74 MP: 9/19
  9075 | D:4      | Killed Dowan
  9209 | D:4      | Killed Pikel
  9459 | D:4      | Killed Edmund
  9627 | D:3      | You fall into a shaft and drop 2 floors!
  9737 | D:3      | Killed sammy202020's ghost
 10015 | D:6      | Noticed Maggie
 10041 | D:6      | Killed Maggie
 10302 | D:6      | Found an iron altar of Okawaru.
 10538 | D:6      | Found a sacrificial altar of Ru.
 10691 | D:6      | Found a snail-covered altar of Cheibriados.
 10771 | D:6      | Found a glowing golden altar of the Shining One.
 10831 | D:6      | Found a shadowy altar of Dithmenos.
 10964 | D:6      | Learned a level 5 spell: Fireball
 10984 | D:6      | Killed a kobold demonologist
 11249 | D:7      | Reached ** piety under Vehumet
 11249 | D:7      | Offered knowledge of Scorch by Vehumet.
 11271 | D:7      | Reached skill level 5 in Conjurations
 11407 | D:7      | Reached XP level 11. HP: 85/85 MP: 6/23
 11560 | D:7      | Reached skill level 5 in Fire Magic
 11980 | D:7      | Found a shimmering altar of Xom.
 12517 | D:8      | Offered knowledge of Dazzling Flash by Vehumet.
 12915 | D:8      | Found a hazy altar of Hepliaklqana.
 13079 | D:8      | Found a staircase to the Lair.
 13622 | D:10     | Entered Level 10 of the Dungeon
 13622 | D:10     | Found Eletois's Neck Hole.
 13642 | D:10     | Reached *** piety under Vehumet
 14515 | D:10     | Reached skill level 1 in Evocations
 14542 | D:10     | Found a broken altar of Ashenzari.
 14649 | D:11     | Offered knowledge of Iskenderun's Mystic Blast by Vehumet.
 14974 | D:11     | Found a radiant altar of Vehumet.
 15268 | D:10     | Found Feybreig's Weapon Boutique.
 15355 | D:10     | Found a staircase to the Orcish Mines.
 15879 | Orc:1    | Entered Level 1 of the Orcish Mines
 15890 | Orc:1    | Reached **** piety under Vehumet
 16037 | Orc:1    | Reached skill level 1 in Shields
 16215 | Orc:2    | Entered Level 2 of the Orcish Mines
 16217 | Orc:2    | Noticed a two-headed ogre
 16220 | Orc:2    | Offered knowledge of Yara's Violent Unravelling by Vehumet.
 16224 | Orc:2    | Reached XP level 12. HP: 94/94 MP: 17/25
 16224 | Orc:2    | Killed a two-headed ogre
 16342 | Orc:2    | Noticed an orc high priest
 16346 | Orc:2    | Killed an orc high priest
 16348 | Orc:2    | Reached skill level 5 in Earth Magic
 16413 | Orc:1    | Reached ***** piety under Vehumet
 16443 | Orc:2    | Noticed an orc warlord
 16445 | Orc:2    | Noticed an orc high priest
 16451 | Orc:2    | Killed an orc high priest
 16857 | D:11     | Offered knowledge of Iskenderun's Battlesphere by Vehumet.
 17245 | D:12     | Found a portal to a secret trove of treasure.
 17703 | D:13     | Noticed a seven-headed hydra
 17714 | D:13     | Killed a seven-headed hydra
 17930 | D:13     | Noticed a sun demon
 17931 | D:13     | Reached skill level 10 in Spellcasting
 17977 | D:13     | Noticed a two-headed ogre
 18009 | D:13     | Killed a two-headed ogre
 18010 | D:13     | Reached XP level 13. HP: 101/101 MP: 12/27
 18179 | D:13     | Noticed a seven-headed hydra
 18192 | D:13     | Killed a seven-headed hydra
 18303 | D:13     | Reached skill level 5 in Dodging
 18920 | D:13     | Noticed a fire giant
 19212 | D:13     | Found Ujimody's Magic Scroll Shop.
 19220 | D:13     | Reached skill level 10 in Fighting
 19275 | D:14     | Noticed Snorg
 19283 | D:14     | Killed Snorg
 19345 | D:14     | Noticed a centaur warrior
 19350 | D:14     | Killed a centaur warrior
 19481 | D:14     | Noticed a seven-headed hydra
 19506 | D:14     | Killed a seven-headed hydra
 19610 | D:14     | Got the Grimoire of Mutagenic Malediction
 19643 | D:14     | Noticed a minotaur
 19645 | D:14     | Noticed sammy202020's ghost (journeyman DsBe)
 19656 | D:14     | Found a runed translucent gate.
 19656 | D:14     | Found a runed translucent gate.
 19656 | D:14     | Found a runed translucent gate.
 19656 | D:14     | Noticed a red very ugly thing
 19670 | D:14     | Found Ziwecoh's Antique Armour Shoppe.
 19673 | D:14     | Found Qasel's Book Shoppe.
 19675 | D:14     | Found Xinec's General Store.
 19675 | D:14     | Found Kathore's Antique Weapon Shoppe.
 19703 | D:14     | Bought a book of the Spheres for 810 gold pieces
 19711 | D:14     | Learned a level 7 spell: Orb of Destruction
 20638 | D:13     | Noticed an ironbound preserver
 20659 | D:13     | Killed an ironbound preserver
 21530 | D:13     | Reached skill level 10 in Conjurations
 21685 | D:13     | Found a gate to the Vaults.
 22267 | D:8      | You fall into a shaft and drop 3 floors!
 22682 | Lair:1   | Entered Level 1 of the Lair of Beasts
 23578 | Lair:1   | Reached XP level 14. HP: 111/111 MP: 19/29
 24897 | Lair:2   | Noticed Sonja
 24911 | Lair:2   | Killed Sonja
 26001 | Lair:3   | Identified the +6 glaive "Killer Klown's Regret" {drain,
                  | *Slow Fly rPois rF++}
 26025 | Lair:3   | Offered knowledge of Iron Shot by Vehumet.
 26673 | Lair:4   | Found a gate leading to a gauntlet.
 26782 | Lair:4   | Found a runed translucent door.
 26856 | Gauntlet | Entered a Gauntlet
 26856 | Gauntlet | Found a transporter.
 26856 | Gauntlet | Found a transporter.
 26856 | Gauntlet | Found a transporter.
 26966 | Gauntlet | Found a transporter.
 26966 | Gauntlet | Found the +18 Lear's hauberk
 26968 | Gauntlet | Found a large runed translucent door.
 26969 | Gauntlet | Found a large runed translucent door.
 26970 | Gauntlet | Found a large runed translucent door.
 26970 | Gauntlet | Found a large runed translucent door.
 26970 | Gauntlet | Found a runed translucent door.
 26970 | Gauntlet | Found a runed translucent door.
 26971 | Gauntlet | Found a large runed translucent door.
 26972 | Gauntlet | Found a large runed translucent door.
 26972 | Gauntlet | Found a large runed translucent door.
 26972 | Gauntlet | Found a large runed translucent door.
 26973 | Gauntlet | Found a large runed translucent door.
 26974 | Gauntlet | Found a large runed translucent door.
 26975 | Gauntlet | Found a large runed translucent door.
 26975 | Gauntlet | Found a large runed translucent door.
 26976 | Gauntlet | Found a large runed translucent door.
 26976 | Gauntlet | Found a large runed translucent door.
 26976 | Gauntlet | Found a large runed translucent door.
 26976 | Gauntlet | Found a large runed translucent door.
 26979 | Gauntlet | Found a runed translucent gate.
 26979 | Gauntlet | Found a runed translucent gate.
 26979 | Gauntlet | Found a runed translucent gate.
 26981 | Gauntlet | Found a transporter.
 26985 | Gauntlet | Noticed a quicksilver ooze
 27007 | Gauntlet | Learned a level 6 spell: Conjure Ball Lightning
 27010 | Gauntlet | Found a transporter.
 27022 | Gauntlet | Found a transporter.
 27030 | Gauntlet | Found a transporter.
 27030 | Gauntlet | Found a transporter.
 27036 | Gauntlet | Found a transporter.
 27040 | Gauntlet | Found a transporter.
 27045 | Gauntlet | Found a transporter.
 27416 | Gauntlet | Reached skill level 1 in Air Magic
 27730 | Gauntlet | Noticed a minotaur
 27754 | Gauntlet | Killed a minotaur
 27822 | Gauntlet | Found the +7 great mace "Undeadhunter" {disrupt, rN+}
 27893 | Lair:4   | Found a staircase to the Shoals.
 27973 | Lair:4   | Found a staircase to the Snake Pit.
 28870 | Lair:5   | Found a staircase to the Slime Pits.
 29181 | Lair:5   | Reached skill level 5 in Air Magic
 29463 | Lair:5   | Reached XP level 15. HP: 117/117 MP: 31/31
 29542 | Lair:5   | Found an opulent altar of Gozag.
 29710 | Lair:5   | Offered knowledge of Spellforged Servitor by Vehumet.
 30034 | Lair:5   | Found a large runed translucent door.
 30034 | Lair:5   | Found a large runed translucent door.
 30036 | Lair:5   | Noticed Patoropollo's ghost (journeyman MiFi)
 30790 | Lair:6   | Entered Level 6 of the Lair of Beasts
 33324 | D:14     | Bought a book of the Moon for 600 gold pieces
 33651 | Lair:5   | Killed Patoropollo's ghost
 33797 | Shoals:1 | Entered Level 1 of the Shoals
 34026 | Shoals:1 | Noticed Donald
 34151 | Lair:4   | Learned a level 4 spell: Passage of Golubria
 34196 | Snake:1  | Entered Level 1 of the Snake Pit
 34201 | Snake:1  | Noticed Aizul
 34207 | Snake:1  | Killed Aizul
 34208 | Snake:1  | Reached skill level 1 in Translocations
 34608 | Snake:1  | Noticed Josephine
 34706 | Snake:1  | Killed Josephine
 35620 | Snake:1  | Identified the +9 spear "Boc Nul" {antimagic, +Blink rF+++}
 35824 | Snake:2  | Reached skill level 5 in Translocations
 35824 | Snake:2  | Reached XP level 16. HP: 79/125 MP: 12/33
 36194 | Snake:2  | Found Xihy's Weapon Boutique.
 36241 | Snake:2  | Found Qaprathri's Book Shop.
 36722 | Snake:2  | You are sucked into a shaft and drop 1 floor!
 36776 | Snake:2  | Noticed Asterion
 37016 | Snake:3  | Offered knowledge of Lee's Rapid Deconstruction by Vehumet.
 37584 | Snake:4  | Entered Level 4 of the Snake Pit
 38563 | Snake:4  | Noticed a nagaraja
 38566 | Snake:4  | Killed a nagaraja
 38837 | Snake:4  | Noticed a nagaraja
 38845 | Snake:3  | Killed a nagaraja
 39297 | Snake:4  | Noticed a nagaraja
 39298 | Snake:4  | Killed a nagaraja
 40092 | Snake:4  | Identified the +7 mace of the Wilderness {freeze, rPois
                  | rC++}
 40300 | Snake:4  | Noticed a nagaraja
 40308 | Snake:4  | Killed a nagaraja
 40647 | Snake:4  | Noticed a nagaraja
 40652 | Snake:4  | Killed a nagaraja
 40782 | Snake:4  | Noticed a nagaraja
 40788 | Snake:4  | Killed a nagaraja
 41118 | Snake:4  | Reached XP level 17. HP: 131/134 MP: 4/35
 41360 | Snake:4  | Identified the +4 morningstar of Omotuimp {holy, Drain rC+
                  | Str+2}
 42500 | Snake:4  | Got a serpentine rune of Zot
 43025 | Snake:4  | Reached skill level 5 in Stealth
 43261 | Snake:2  | Killed Asterion
 43440 | Snake:2  | Found Qesutal's Book Emporium.
 43464 | Snake:2  | Noticed Kirke
 43470 | Snake:2  | Killed Kirke
 43959 | D:12     | Gained mutation: You expend magic power (3 MP) to
                  | strengthen your wands. [potion of mutation]
 43959 | D:12     | Gained mutation: You have a beak for a mouth. [potion of
                  | mutation]
 43959 | D:12     | Gained mutation: You are partially covered in iridescent
                  | scales. (AC +2) [potion of mutation]
 43959 | D:12     | Gained mutation: You have large cloven feet. [potion of
                  | mutation]
 43972 | D:12     | Lost mutation: You have a beak for a mouth. [potion of
                  | mutation]
 43972 | D:12     | Lost mutation: You expend magic power (3 MP) to strengthen
                  | your wands. [potion of mutation]
 43972 | D:12     | Gained mutation: You are somewhat resistant to further
                  | mutation. [potion of mutation]
 44123 | Orc:1    | Found Keseimm's Antique Weapon Emporium.
 44269 | Orc:1    | Offered knowledge of Lightning Bolt by Vehumet.
 44558 | Orc:1    | Found Plog's Book Shop.
 44582 | Orc:1    | Found Qepirheg's Armour Emporium.
 45450 | Orc:2    | Reached skill level 5 in Shields
 45853 | Orc:2    | Noticed Jorgrun
 45857 | Orc:2    | Found a shimmering blue altar of Sif Muna.
 45880 | Orc:2    | Killed Jorgrun
 46727 | Orc:2    | Found Fevicec's Antique Armour Shoppe.
 46732 | Orc:2    | Found Onearum's Antique Weapon Emporium.
 46734 | Orc:2    | Found Soushu's General Store.
 46734 | Orc:2    | Found Takemuw's Book Shoppe.
 46801 | Orc:2    | Bought a glowing cloak for 150 gold pieces
 46821 | Orc:2    | Bought a potion of heal wounds for 70 gold pieces
 46932 | Orc:2    | Found a staircase to the Elven Halls.
 47021 | Elf:1    | Entered Level 1 of the Elven Halls
 47021 | Elf:1    | Found a runed translucent gate.
 47021 | Elf:1    | Found a runed translucent gate.
 47021 | Elf:1    | Found a runed translucent gate.
 47021 | Elf:1    | Found a runed translucent gate.
 47021 | Elf:1    | Found a runed translucent gate.
 47021 | Elf:1    | Found a runed translucent gate.
 47022 | Elf:1    | Found a runed translucent door.
 47040 | Elf:1    | Found a large runed translucent door.
 47042 | Elf:1    | Found a large runed translucent door.
 47045 | Elf:1    | Noticed Pooter's ghost (adept MiBe)
 47112 | Orc:2    | Bought a shiny buckler for 150 gold pieces
 47349 | Lair:4   | You fall into a shaft and drop 2 floors!
 47575 | Lair:4   | Killed Donald
 48009 | Shoals:1 | Reached XP level 18. HP: 133/143 MP: 19/36
 48339 | Shoals:1 | Reached skill level 10 in Fire Magic
 49286 | Shoals:3 | Offered knowledge of Freezing Cloud by Vehumet.
 49293 | Shoals:3 | Learned a level 5 spell: Freezing Cloud
 49623 | Shoals:3 | Reached skill level 1 in Ice Magic
 49874 | Shoals:2 | Noticed a kraken
 49927 | Shoals:2 | Killed a kraken
 50282 | Shoals:2 | Noticed Ilsuiw
 50290 | Shoals:2 | You are sucked into a shaft and drop 1 floor!
 50342 | Shoals:4 | Entered Level 4 of the Shoals
 50524 | Shoals:3 | Found Ylluen's Book Shoppe.
 50639 | Shoals:2 | Noticed a kraken
 50688 | Shoals:2 | Killed a kraken
 50850 | Shoals:2 | Reached skill level 15 in Spellcasting
 51027 | Shoals:2 | Killed Ilsuiw
 52670 | Shoals:3 | Noticed a kraken
 52686 | Shoals:3 | Killed a kraken
 53280 | Shoals:4 | Noticed Polyphemus
 53289 | Shoals:4 | Killed Polyphemus
 53614 | Shoals:4 | Reached XP level 19. HP: 151/151 MP: 33/38
 53621 | Shoals:4 | Reached ****** piety under Vehumet
 53880 | Shoals:4 | Offered knowledge of Maxwell's Capacitive Coupling by
                  | Vehumet.
 54042 | Shoals:4 | Reached skill level 5 in Ice Magic
 54297 | Shoals:4 | Got a barnacled rune of Zot
 56791 | D:14     | Killed sammy202020's ghost
 56904 | D:15     | Entered Level 15 of the Dungeon
 57551 | D:15     | Found a staircase to the Depths.
 57915 | D:15     | Noticed Louise
 58016 | D:15     | Killed Louise
 58557 | D:15     | Noticed Azrael
 58577 | D:15     | Killed Azrael
 58923 | Depths:1 | Entered Level 1 of the Depths
 59205 | Depths:1 | Noticed a lich
 59210 | Depths:1 | Killed a lich
 59277 | Depths:1 | Offered knowledge of Fire Storm by Vehumet.
 59277 | Depths:1 | Offered knowledge of Shatter by Vehumet.
 59277 | Depths:1 | Offered knowledge of Chain Lightning by Vehumet.
 59369 | Depths:1 | Identified the +8 flail of Charmed Integrity {flame, rPois
                  | Int+10}
 59823 | Depths:1 | Reached skill level 15 in Conjurations
 59827 | Depths:1 | Reached XP level 20. HP: 115/159 MP: 30/39
 59962 | Depths:1 | Found a gateway to Hell.
 60531 | Depths:1 | Found an iron altar of Okawaru.
 61273 | D:14     | Bought a book of Alchemy for 420 gold pieces
 61277 | D:14     | Learned a level 2 spell: Sublimation of Blood
 61455 | Elf:1    | Found a runed translucent door.
 61463 | Orc:2    | Reached skill level 1 in Necromancy
 63851 | Elf:3    | Entered Level 3 of the Elven Halls
 64093 | Elf:2    | Reached skill level 5 in Necromancy
 64356 | D:12     | You paid a toll of 2 scrolls of acquirement to enter a
                  | treasure trove
 64357 | Trove    | Entered a treasure trove
 64380 | Trove    | Identified the +4 whip of Grace {vamp, rCorr Int+3 Stlth+}
 64381 | Trove    | Identified the +6 demon whip "Weuzeogu" {venom, *Rage rPois
                  | Stlth+}
 64383 | Trove    | Identified the +3 hand crossbow of Awnat {freeze, Drain rF+
                  | rN+++ Dex+2}
 64385 | Trove    | Identified the +1 glaive of Revolt {holy, rF+}
 64391 | Trove    | Identified the +7 hand crossbow of Disgust {freeze, rF+
                  | rC++ Stlth-}
 64842 | Depths:1 | Identified the +8 quarterstaff "Jirr" {vorpal, Str+5}
 66048 | Shoals:3 | Bought a manual of Fighting for 880 gold pieces
 66596 | Depths:2 | Found a one-way gate leading to the halls of Pandemonium.
 67021 | Depths:2 | Reached skill level 15 in Fire Magic
 67021 | Depths:2 | Reached XP level 21. HP: 152/165 MP: 25/41
 68329 | Depths:2 | Found Niwkoeni's Book Shoppe.
 68330 | Depths:2 | Found Yngull's Jewellery Boutique.
 68331 | Depths:2 | Found Rezei's Book Shoppe.
 68510 | Depths:3 | Found a magical portal.
 68647 | WizLab   | Entered Borgnjor's Mausoleum
 70744 | D:12     | Learned a level 9 spell: Fire Storm
 71318 | Elf:2    | Found a runed translucent gate.
 71318 | Elf:2    | Found a runed translucent gate.
 71319 | Elf:2    | Found a runed translucent gate.
 72460 | Elf:3    | Found a radiant altar of Vehumet.
 72467 | Elf:3    | Found Foimitu's Jewellery Boutique.
 72653 | D:12     | Acquired 629 gold pieces
 72837 | Elf:3    | Bought the amulet of Yfiozxyrr {Reflect Str+3 SH+5} for 822
                  | gold pieces
 73514 | Elf:3    | Noticed a Brimstone Fiend
 73515 | Elf:3    | Reached XP level 22. HP: 85/174 MP: 29/43
 73672 | Elf:3    | Identified the ring of the Thirsty Artists {Contam rF+ rC+
                  | rN+ Int+3}
 73742 | Elf:3    | Found the amulet of Vitality {Regen+ HP+15}
 73747 | Elf:3    | Identified the +6 dagger "Peze" {flame, rElec Dex+2}
 73977 | Elf:3    | Identified the +3 scale mail of the Furies {Regen+ Str+2}
 74001 | Elf:3    | Identified the +0 ring mail of the Past {Regen+ MP+9 Dex-4
                  | Stlth+}
 74026 | Elf:3    | Got Sif Muna's Grimoire of Transformation
 74409 | Elf:1    | Killed Pooter's ghost
 74942 | Slime:1  | Entered Level 1 of the Pits of Slime
 74951 | Slime:1  | Reached skill level 15 in Fighting
 77859 | Slime:5  | Entered Level 5 of the Pits of Slime
 77995 | Slime:5  | Noticed the Royal Jelly
 78000 | Slime:5  | Killed the Royal Jelly
 78001 | Slime:5  | Reached XP level 23. HP: 185/185 MP: 39/44
 78038 | Slime:5  | Found the +7 captain's cutlass {speed, disarm}
 78446 | Slime:5  | Got the Collected Works on Creative Cold
 78491 | Slime:5  | Got a slimy rune of Zot
 79778 | Depths:2 | Bought a ring of willpower for 375 gold pieces
 80601 | Depths:3 | Noticed a caustic shrike
 80665 | Depths:3 | Noticed a golden dragon
 80677 | Depths:3 | Killed a golden dragon
 80700 | Depths:3 | Noticed a golden dragon
 80707 | Depths:3 | Killed a golden dragon
 80981 | Depths:4 | Entered Level 4 of the Depths
 81274 | Depths:4 | Noticed a golden dragon
 81278 | Depths:4 | Killed a golden dragon
 81333 | Depths:3 | Killed a caustic shrike
 81445 | Depths:3 | Found a one-way gate to the infinite horrors of the Abyss.
 81469 | Depths:3 | Found a one-way gateway to a ziggurat.
 82148 | Depths:3 | Learned a level 3 spell: Ozocubu's Armour
 82279 | Depths:4 | Found a sacrificial altar of Ru.
 82357 | Depths:4 | Found a corrupted altar of Lugonu.
 82570 | Depths:4 | Noticed Parghit
 82597 | Depths:4 | Reached skill level 10 in Stealth
 83200 | Vaults:1 | Entered Level 1 of the Vaults
 83689 | Vaults:1 | Learned a level 1 spell: Apportation
 83731 | Vaults:1 | Reached XP level 24. HP: 191/191 MP: 41/45
 84887 | Vaults:2 | Found Omutit's Antique Weapon Emporium.
 84897 | Vaults:2 | Found Xaquorr's Armour Emporium.
 85533 | Vaults:2 | Found a runed translucent door.
 85533 | Vaults:2 | Noticed ziggurnaut's ghost (adept HOFE)
 85579 | Vaults:2 | Found Neru's Antique Weapon Shop.
 85916 | Orc:1    | Bought a manual of Armour for 880 gold pieces
 86511 | Vaults:2 | Found Dyteocawn's Jewellery Shoppe.
 86694 | Vaults:2 | Reached skill level 5 in Armour
 86769 | Vaults:2 | Reached skill level 10 in Shields
 88132 | Vaults:3 | Found a staircase to the Crypt.
 88137 | Crypt:1  | Entered Level 1 of the Crypt
 88616 | Vaults:3 | Reached XP level 25. HP: 206/206 MP: 43/45
 88969 | Vaults:4 | Found Bomyum's Jewellery Boutique.
 90098 | Vaults:4 | Reached skill level 10 in Armour
 90379 | Crypt:1  | Noticed Saint Roka
 90388 | Crypt:1  | Killed Saint Roka
 92012 | Crypt:3  | Entered Level 3 of the Crypt
 92899 | Crypt:3  | Reached XP level 26. HP: 216/216 MP: 33/46
 92959 | Crypt:3  | Found the +7 sceptre of Torment {pain, torment}
 92971 | Crypt:3  | Identified the ring of Arigho {rPois rN+ Slay+2}
 92971 | Crypt:3  | Identified the ring "Askut" {rPois rF++ rN+ Str+2 Int-2}
 93129 | Crypt:3  | Noticed Frederick
 93154 | Crypt:3  | Killed Frederick
 93168 | Crypt:3  | Noticed Zenata
 93175 | Crypt:3  | Killed Zenata
 93462 | Crypt:3  | Found an ancient bone altar of Kikubaaqudgha.
 93475 | Crypt:3  | Noticed a dread lich
 93480 | Crypt:3  | Killed a dread lich
 93486 | Crypt:3  | Noticed a dread lich
 93493 | Crypt:3  | Killed a dread lich
 93862 | Crypt:3  | Acquired 785 gold pieces
 94005 | Crypt:3  | Found a staircase to the Tomb.
 94270 | Tomb:1   | Entered Level 1 of the Tomb of the Ancients
 95147 | Vaults:2 | Killed ziggurnaut's ghost
 95568 | Lair:4   | Identified the +0 ring mail "Seqomm" {Str+7}
 95999 | Vaults:5 | Entered Level 5 of the Vaults
 96010 | Vaults:5 | Reached skill level 10 in Translocations
 96022 | Vaults:5 | Reached XP level 27. HP: 165/224 MP: 41/47
 96023 | Vaults:5 | Reached skill level 5 in Evocations
 96136 | Vaults:4 | You fall into a shaft and drop 1 floor!
 96149 | Vaults:5 | Identified the ring "Ytapamua" {EV+4 Dex+2}
 96162 | Vaults:5 | Got the Handbook of Orientation and Illusion
 96194 | Vaults:5 | Identified the +0 ring mail of Vanur {Int+2}
 96611 | Vaults:5 | Noticed a dread lich
 96614 | Vaults:5 | Killed a dread lich
 96622 | Vaults:5 | Identified the +5 lajatang of Crusades {vorpal, rF+ SInv
                  | Stlth+}
 96667 | Vaults:4 | You fall into a shaft and drop 1 floor!
 96727 | Vaults:5 | Noticed an ancient lich
 96730 | Vaults:5 | Killed an ancient lich
 96772 | Vaults:5 | Identified the ring of Esirushru {rF+ rCorr}
 96965 | Vaults:5 | Identified the +6 dagger of Frustration {protect, Drain
                  | +Blink rF+++ Stlth+}
 97456 | Vaults:5 | Got a silver rune of Zot
 98380 | D:9      | Bought the Almanac of Nocuous Ice for 340 gold pieces
 98380 | D:9      | Bought a book of the Hunter for 260 gold pieces
 98380 | D:9      | Bought a book of the Wilderness for 380 gold pieces
 98380 | D:9      | Bought a book of Pain for 280 gold pieces
 98390 | D:9      | Learned a level 9 spell: Polar Vortex
 98502 | Orc:1    | Bought a brightly glowing long sword for 314 gold pieces
 98502 | Orc:1    | Identified the +6 long sword "Xaus" {drain, Will++ Str-2
                  | Int+4} (You bought it in a shop on level 1 of the Orcish
                  | Mines)
 98633 | D:13     | Bought a scroll of amnesia for 59 gold pieces
 98633 | D:13     | Bought a scroll of holy word for 127 gold pieces
 98633 | D:13     | Bought a scroll of fog for 34 gold pieces
 98918 | Snake:2  | Bought a Necronomicon for 672 gold pieces
 98918 | Snake:2  | Bought the Papyrus of Envenoming and Earth for 576 gold
                  | pieces
 99847 | Depths:4 | Found a gate to the Realm of Zot.
 99860 | Zot:1    | Entered Level 1 of the Realm of Zot
 99957 | Zot:1    | Reached skill level 10 in Ice Magic
100669 | Depths:4 | Killed Parghit
102696 | Zot:4    | Reached skill level 15 in Ice Magic
103001 | Zot:3    | Identified the +5 ring mail of Piolast {-Tele Contam Regen+
                  | Int+8 Slay+6}
103207 | Zot:3    | You fall into a shaft and drop 1 floor!
103949 | Zot:2    | Noticed Vv
104038 | Zot:2    | Killed Vv
104458 | Zot:5    | Entered Level 5 of the Realm of Zot
104892 | Zot:4    | Identified the +1 robe of Makhleb's Delight {Drain rPois
                  | Int+4 Dex+7}
105468 | Zot:4    | Noticed a Killer Klown
105469 | Zot:4    | Killed a Killer Klown
105470 | Zot:4    | Reached skill level 15 in Armour
105960 | Zot:5    | Noticed a dread lich
105962 | Zot:5    | Killed a dread lich
106014 | Zot:5    | Noticed a dread lich
106019 | Zot:5    | Killed a dread lich
106078 | Zot:5    | Noticed a dread lich
106079 | Zot:5    | Noticed an orb of fire
106079 | Zot:5    | Noticed an ancient lich
106096 | Zot:5    | Noticed a Killer Klown
106100 | Zot:5    | Noticed an ancient lich
106101 | Zot:5    | Killed a Killer Klown
106102 | Zot:5    | Noticed a Killer Klown
106104 | Zot:5    | Killed an ancient lich
106109 | Zot:5    | Killed a Killer Klown
106119 | Zot:5    | Noticed a Killer Klown
106128 | Zot:5    | Killed a Killer Klown
106184 | Zot:5    | Killed an orb of fire
106194 | Zot:5    | Killed an ancient lich
106240 | Zot:5    | Noticed a Killer Klown
106245 | Zot:5    | Killed a Killer Klown
106309 | Zot:5    | Noticed a dread lich
106315 | Zot:5    | Killed a dread lich
106406 | Zot:5    | Noticed an ancient lich
106413 | Zot:5    | Killed an ancient lich
106433 | Zot:5    | Noticed an orb of fire
106437 | Zot:5    | Killed an orb of fire
106466 | Zot:5    | Noticed an orb of fire
106474 | Zot:5    | Killed an orb of fire
106513 | Zot:5    | Noticed a dread lich
106516 | Zot:5    | Killed a dread lich
106518 | Zot:5    | Noticed an ancient lich
106522 | Zot:5    | Killed an ancient lich
106610 | Zot:5    | Noticed an orb of fire
106614 | Zot:5    | Killed an orb of fire
106626 | Zot:5    | Killed a dread lich
106653 | Zot:5    | Noticed an ancient lich
106812 | Zot:5    | Killed an ancient lich
107965 | D:12     | Lost mutation: You are somewhat resistant to further
                  | mutation. [potion of mutation]
107965 | D:12     | Lost mutation: You have large cloven feet. [potion of
                  | mutation]
107965 | D:12     | Gained mutation: You are weak. (Str -2) [potion of
                  | mutation]
107966 | D:12     | Lost mutation: You are weak. (Str -2) [potion of mutation]
107966 | D:12     | Lost mutation: You are partially covered in iridescent
                  | scales. (AC +2) [potion of mutation]
107966 | D:12     | Gained mutation: You are weak. (Str -2) [potion of
                  | mutation]
107966 | D:12     | Gained mutation: Your flesh is heat resistant. (rF+)
                  | [potion of mutation]
107966 | D:12     | Gained mutation: You sometimes lose the ability to read
                  | scrolls when taking damage. [potion of mutation]
107966 | D:12     | Gained mutation: You are agile. (Dex +2) [potion of
                  | mutation]
107975 | D:12     | Lost mutation: Your flesh is heat resistant. (rF+) [potion
                  | of mutation]
107975 | D:12     | Lost mutation: You are agile. (Dex +2) [potion of mutation]
107975 | D:12     | Lost mutation: You are weak. (Str -2) [potion of mutation]
107975 | D:12     | Gained mutation: You passively dampen the noise of your
                  | surroundings. [potion of mutation]
107975 | D:12     | Gained mutation: You expend magic power (3 MP) to
                  | strengthen your wands. [potion of mutation]
107976 | D:12     | Lost mutation: You sometimes lose the ability to read
                  | scrolls when taking damage. [potion of mutation]
107976 | D:12     | Lost mutation: You passively dampen the noise of your
                  | surroundings. [potion of mutation]
107976 | D:12     | Lost mutation: You expend magic power (3 MP) to strengthen
                  | your wands. [potion of mutation]
107976 | D:12     | Gained mutation: Your mind is acute. (Int +2) [potion of
                  | mutation]
107976 | D:12     | Gained mutation: You possess an exceptional clarity of
                  | mind. [potion of mutation]
107976 | D:12     | Gained mutation: You have an increased reservoir of magic.
                  | (+10% MP) [potion of mutation]
108199 | Pan      | Entered Pandemonium
108276 | Pan      | Found a runed translucent door.
108341 | Pan      | Reached skill level 5 in Transmutations
108363 | Pan      | Reached skill level 1 in Long Blades
109089 | Pan      | Noticed Caxzow the pandemonium lord
109361 | Pan      | Killed Caxzow the pandemonium lord
109758 | Pan      | Noticed Jil Xuno the pandemonium lord
109760 | Pan      | Killed Jil Xuno the pandemonium lord
110248 | Pan      | Identified the +8 dire flail of a Million Yaks {holy, rN++}
110473 | Pan      | Reached skill level 10 in Necromancy
111021 | Depths:2 | Escaped Pandemonium
111042 | Pan      | Entered the realm of Cerebov.
111042 | Pan      | Entered Pandemonium
111821 | Pan      | Identified the +5 scythe "Ottiq" {flame, rC+ Will+}
111888 | Pan      | Got Yzubemn's Grimoire of Fetching Envenoming
111891 | Pan      | Identified the +7 plate armour of the Cockatrice {rElec}
111897 | Pan      | Identified the +8 kite shield of the Bulwark {Harm MP+9}
111897 | Pan      | Identified the ring of the Garden {rC- Will+ Int+6 SInv}
111900 | Pan      | Reached skill level 5 in Long Blades
112088 | Pan      | Found the +6 sword of Cerebov {flame}
112088 | Pan      | Noticed Cerebov
112101 | Pan      | Killed Cerebov
112227 | Pan      | Got a fiery rune of Zot
112246 | Pan      | Identified the +9 broad axe "Qyem Vix" {venom, Int+2}
112261 | Pan      | Identified the +1 pair of boots of the New World {Will+
                  | Slay+4}
112391 | Pan      | Identified the +4 great sword of Vanity {flame, Will-
                  | Int+5}
112911 | Pan      | Reached skill level 10 in Transmutations
112921 | Pan      | Noticed Qocyut the pandemonium lord
112923 | Pan      | Killed Qocyut the pandemonium lord
113057 | Pan      | Got a demonic rune of Zot
113304 | Pan      | Found an exit through the horrors of the Abyss.
113732 | Pan      | Learned a level 8 spell: Necromutation
113800 | Pan      | Identified the +6 battleaxe of Indomitability {vamp, rN+
                  | Str-2 Int+7 Dex+4}
114073 | Pan      | Found a transporter.
114238 | Pan      | Found an exit through the horrors of the Abyss.
114267 | Pan      | Gained mutation: Potions are less effective at restoring
                  | your health. [a neqoxec]
114313 | Pan      | Found a transporter.
114395 | Pan      | Identified the ring of the Cockatrice {Fly rPois rCorr
                  | Str+3 Int-3}
114406 | Pan      | Acquired the Tome of Earthen Battle Magic
114409 | Pan      | Identified the ring "Ugodyaff" {Str+6 SInv}
114421 | Pan      | Identified the +5 battleaxe of Ragnarok {flame, rF+ rN++
                  | Str+2 Dex-4}
114445 | Pan      | Entered the realm of Gloorx Vloq.
115387 | Pan      | Noticed Gloorx Vloq
115411 | Pan      | Killed Gloorx Vloq
115508 | Pan      | Got a dark rune of Zot
115911 | Pan      | Noticed Pomum the pandemonium lord
115918 | Pan      | Killed Pomum the pandemonium lord
115937 | Pan      | Gained mutation: You have large cloven feet. [a neqoxec]
115939 | Pan      | Gained mutation: Your spells are a little easier to cast,
                  | but a little less powerful. [a neqoxec]
116561 | Pan      | Found an exit through the horrors of the Abyss.
116854 | Depths:2 | Escaped Pandemonium
116879 | Pan      | Entered Pandemonium
117632 | Pan      | Noticed Pofikiv the pandemonium lord
117635 | Pan      | Killed Pofikiv the pandemonium lord
117688 | Pan      | Lost mutation: You have large cloven feet. [a cacodemon]
117868 | Pan      | Reached skill level 10 in Long Blades
117896 | Pan      | Noticed Ruptaume the pandemonium lord
117899 | Pan      | Reached skill level 15 in Shields
117903 | Pan      | Killed Ruptaume the pandemonium lord
118019 | Pan      | Gained mutation: Potions cannot restore your health. [a
                  | cacodemon]
118051 | Depths:2 | Escaped Pandemonium
118233 | D:12     | Lost mutation: Your spells are a little easier to cast, but
                  | a little less powerful. [potion of mutation]
118233 | D:12     | Lost mutation: You possess an exceptional clarity of mind.
                  | [potion of mutation]
118233 | D:12     | Gained mutation: You are frail. (-10% HP) [potion of
                  | mutation]
118233 | D:12     | Gained mutation: You are agile. (Dex +2) [potion of
                  | mutation]
118233 | D:12     | Lost mutation: Your mind is acute. (Int +2) [potion of
                  | mutation]
118234 | D:12     | Lost mutation: You are frail. (-10% HP) [potion of
                  | mutation]
118234 | D:12     | Lost mutation: Potions cannot restore your health. [potion
                  | of mutation]
118234 | D:12     | Gained mutation: You are weak. (Str -2) [potion of
                  | mutation]
118234 | D:12     | Gained mutation: Your natural rate of healing is unusually
                  | fast. [potion of mutation]
118234 | D:12     | Gained mutation: You possess an exceptional clarity of
                  | mind. [potion of mutation]
118432 | Pan      | Entered Pandemonium
118435 | Pan      | Found an exit through the horrors of the Abyss.
118900 | Pan      | Noticed Werhess the pandemonium lord
118908 | Pan      | Killed Werhess the pandemonium lord
120408 | Pan      | Noticed Isoigiet the pandemonium lord
120421 | Pan      | HP: 10/237 [??? (5)]
120431 | Pan      | Reached skill level 15 in Transmutations
120439 | Pan      | Killed Isoigiet the pandemonium lord
120679 | Pan      | Reached skill level 15 in Necromancy
121454 | Pan      | Entered the realm of Mnoleg.
121454 | Pan      | Noticed Mnoleg
121456 | Pan      | Gained mutation: You are very weak. (Str -4) [a cacodemon]
121457 | Pan      | Gained mutation: Potions cannot restore your health. [a
                  | cacodemon]
121468 | Pan      | Killed Mnoleg
121477 | Pan      | Gained mutation: Armour fits poorly on your strangely
                  | shaped body. [a cacodemon]
122121 | Pan      | Identified the +2 leather armour "Ynamok" {rN+ Str+5 Int-5
                  | SInv}
122175 | Pan      | Got a glowing rune of Zot
122246 | Pan      | Gained mutation: Your spells are a little easier to cast,
                  | but a little less powerful. [a cacodemon]
122287 | Pan      | Identified the amulet of the Firefly {rPois Regen+}
122376 | Pan      | Gained mutation: You sometimes lose the ability to read
                  | scrolls when taking damage. [a cacodemon]
122481 | Pan      | Gained mutation: Your spells are easier to cast, but less
                  | powerful. [a cacodemon]
122756 | Pan      | Gained mutation: You are dopey. (Int -2) [a neqoxec]
123076 | Depths:2 | Escaped Pandemonium
123278 | D:12     | Lost mutation: Your natural rate of healing is unusually
                  | fast. [potion of mutation]
123278 | D:12     | Lost mutation: Your spells are easier to cast, but less
                  | powerful. [potion of mutation]
123278 | D:12     | Lost mutation: You have an increased reservoir of magic.
                  | (+10% MP) [potion of mutation]
123278 | D:12     | Gained mutation: Your body sometimes deteriorates upon
                  | taking damage. [potion of mutation]
123280 | D:12     | Lost mutation: Your body sometimes deteriorates upon taking
                  | damage. [potion of mutation]
123280 | D:12     | Lost mutation: Your spells are a little easier to cast, but
                  | a little less powerful. [potion of mutation]
123280 | D:12     | Lost mutation: You sometimes lose the ability to read
                  | scrolls when taking damage. [potion of mutation]
123280 | D:12     | Lost mutation: You are dopey. (Int -2) [potion of mutation]
123281 | D:12     | Lost mutation: Armour fits poorly on your strangely shaped
                  | body. [potion of mutation]
123281 | D:12     | Lost mutation: You are very weak. (Str -4) [potion of
                  | mutation]
123281 | D:12     | Lost mutation: You possess an exceptional clarity of mind.
                  | [potion of mutation]
123281 | D:12     | Gained mutation: Your flesh is heat resistant. (rF+)
                  | [potion of mutation]
123467 | Pan      | Entered the realm of Lom Lobon.
123467 | Pan      | Entered Pandemonium
124129 | Pan      | Noticed Lom Lobon
124273 | Pan      | Killed Lom Lobon
124342 | Pan      | Got a magical rune of Zot
124813 | Pan      | Found a white marble altar of Elyvilon.
124875 | Pan      | Identified the +1 robe of the Onion {Int+4 Dex+2}
125540 | Pan      | Reached skill level 10 in Dodging
125617 | Pan      | Identified the +0 tower shield "Redde" {rPois}
125725 | Pan      | Found a glowing silver altar of Zin.
126130 | Pan      | Noticed a seraph
126133 | Pan      | Killed a seraph
126143 | Pan      | Identified the +11 dire flail "Mosiesoso" {elec, Fly rN+
                  | Int+4 Dex+5}
126143 | Pan      | Identified the +4 longbow of Amoytago {vorpal, rElec}
126190 | Pan      | Found a glowing golden altar of the Shining One.
126231 | Pan      | Got the Handbook of Flamy Envenoming
127038 | Depths:2 | Escaped Pandemonium
127046 | Depths:2 | Lost mutation: You are weak. (Str -2) [potion of mutation]
127046 | Depths:2 | Lost mutation: Potions cannot restore your health. [potion
                  | of mutation]
127046 | Depths:2 | Lost mutation: Your flesh is heat resistant. (rF+) [potion
                  | of mutation]
127046 | Depths:2 | Gained mutation: Your system is resistant to poisons.
                  | (rPois) [potion of mutation]
127046 | Depths:2 | Lost mutation: You are agile. (Dex +2) [potion of mutation]
127046 | Depths:2 | Gained mutation: You are weak. (Str -2) [potion of
                  | mutation]
127046 | Depths:2 | Gained mutation: Your flesh is cold resistant. (rC+)
                  | [potion of mutation]
127048 | Pan      | Entered Pandemonium
127096 | Pan      | Noticed Raqic the pandemonium lord
127103 | Pan      | Killed Raqic the pandemonium lord
127320 | Pan      | Found an exit through the horrors of the Abyss.
127789 | Depths:2 | Escaped Pandemonium
127806 | Pan      | Entered Pandemonium
128089 | Pan      | Found an exit through the horrors of the Abyss.
128241 | Pan      | Gained mutation: Armour fits poorly on your strangely
                  | shaped body. [a cacodemon]
128258 | Pan      | Noticed Syfest the pandemonium lord
128260 | Pan      | Killed Syfest the pandemonium lord
128709 | Pan      | Gained mutation: You are frail. (-10% HP) [a neqoxec]
129422 | Pan      | Found an exit through the horrors of the Abyss.
129449 | Pan      | Gained mutation: You do not regenerate when monsters are
                  | visible. [a neqoxec]
129465 | Pan      | Gained mutation: Your spells are a little harder to cast,
                  | but a little more powerful. [a cacodemon]
129615 | Pan      | Found a huge runed translucent gate.
129617 | Pan      | Found a huge runed translucent gate.
129617 | Pan      | Found a huge runed translucent gate.
129618 | Pan      | Found a huge runed translucent gate.
129619 | Pan      | Found a huge runed translucent gate.
130123 | Pan      | Found a huge runed translucent gate.
130124 | Pan      | Found a huge runed translucent gate.
130192 | Pan      | Noticed Turra the pandemonium lord
130215 | Pan      | Killed Turra the pandemonium lord
130784 | Pan      | Noticed Aloat the pandemonium lord
130788 | Pan      | Killed Aloat the pandemonium lord
130836 | Pan      | Gained mutation: You are clumsy. (Dex -2) [a neqoxec]
130837 | Pan      | Gained mutation: You are very frail. (-20% HP) [a neqoxec]
131010 | Pan      | Found an exit through the horrors of the Abyss.
131416 | Pan      | Lost mutation: You do not regenerate when monsters are
                  | visible. [potion of mutation]
131416 | Pan      | Lost mutation: Potions are less effective at restoring your
                  | health. [potion of mutation]
131416 | Pan      | Lost mutation: Your system is resistant to poisons. (rPois)
                  | [potion of mutation]
131416 | Pan      | Gained mutation: Your flesh is heat resistant. (rF+)
                  | [potion of mutation]
131643 | Depths:2 | Escaped Pandemonium
131646 | Pan      | Entered Pandemonium
132285 | Pan      | Noticed Qujimp Mojo the pandemonium lord
132317 | Pan      | HP: 9/201 [lorocyproca (14)]
132317 | Pan      | Mangled by Qujimp Mojo the pandemonium lord

Illustrated notes

Levels and vault maps discovered:
D:1:      lightli_arrival_quake, layout_loops_ring
D:2:      layout_loops_cross, ebering_ecumenical_altar_hall, uniq_jessica
D:3:      layout_rooms, serial_bayou, serial_bayou_lagoon_a,
          serial_bayou_pond_e, serial_bayou_pond_e, serial_bayou_ford_a,
          ebering_ghost_disaster_area, nicolae_elevator_lobby_plus
D:4:      layout_layer_cave, mainiacjoe_overflow_surrounded_room,
          grunt_ministairs_7, st_stairs_10,
          hangedman_abyss_or_decor_jellyfish_corner, uniq_edmund,
          uniq_blork_the_orc, uniq_pikel, uniq_duvessa
D:5:      layout_rooms, nemelex_xobeh_ov_fountains_minmay,
          minmay_temple_entry_wispy
D:6:      layout_basic, mainiacjoe_overflow_brackets, tso_altar,
          nicolae_vehumet_radiance, nicolae_dithmenos_through_a_glass_darkly,
          mainiacjoe_overflow_swirl, nicolae_ossuary_entry_plus,
          hangedman_decor_push, uniq_maggie
D:7:      layout_gridville, brannock_xom_greatest_gift, enter_bailey_2
D:8:      layout_gridville, nicolae_yredelemnul_ghost_church,
          nicolae_uskayaw_dance_studio, nicolae_hepliaklqana_hazy_memory,
          due_lair_maze_entry_diamond, kennysheep_generic_room_5
D:9:      layout_cave_pods, serial_shops, nicolae_shop_hallway_stairs,
          uniq_maurice
D:10:     layout_roguey, ashenzari_altar_1, minmay_orc_entry_temple_small,
          serial_shops, nicolae_shop_bloodbath_and_beyond,
          nicolae_shop_sticking_my_neck_out
D:11:     layout_big_octagon, serial_park, serial_park_square1
          [serial_park_minivault_5x5_8], serial_park_gazebo
          [serial_park_minivault_5x5_6], serial_park_square2,
          serial_park_avenue1
D:12:     layout_stronghold, nicolae_trove_entry_free_sample
D:13:     kennysheep_funnel, layout_basic, skrybe_vaults_entry_preservation,
          serial_shops, nicolae_take_the_stairs, minmay_unpleasant_kobolds
D:14:     cheibrodos_statue_roulette, layout_long_grid,
          maelrawn_ghost_gauntlet_escape, nrook_pool_corridor,
          minmay_shop_grid_forest, uniq_snorg
D:15:     grunt_enter_depths_snipers, layout_loops_ring, hex_tiny, uniq_louise,
          uniq_azrael
Lair:1:   layout_regular_city, grunt_megastairs_5, infiniplex_staircase_pool
Lair:2:   layout_chaotic_city, infiniplex_staircase_pool_2, uniq_sonja
Lair:3:   layout_hall_layers, lemuel_fruit_tree
Lair:4:   layout_gridlike, minmay_shoals_entry_hut,
          minmay_snake_entry_guardpost_small, gauntlet_entry_generic,
          pf_torpor_hydra
Lair:5:   layout_cellular_growth, minmay_slime_entry_pillars,
          ebering_ghost_disaster_area, basic_altar
Lair:6:   hangedman_lair_in_review, layout_layer_cave
Shoals:1: layout_shoals, uniq_donald
Shoals:2: layout_shoals, abandoned_shop, nicolae_shoals_loop_pool, uniq_ilsuiw
Shoals:3: layout_shoals, serial_shops, shop
Shoals:4: shoals_end_grunt_garden, layout_shoals, uniq_polyphemus
Snake:1:  layout_onion_interference, st_stairs_8, grunt_megastairs_4,
          uniq_aizul, uniq_josephine
Snake:2:  layout_rooms, serial_shops, nicolae_shop_trees, nicolae_square_shop,
          shop, special_room, uniq_asterion, uniq_kirke
Snake:3:  layout_layer_cave, serial_bayou_pond_d
Snake:4:  grunt_snake_rune_spirals, layout_onion_interference
Slime:1:  layout_caves
Slime:2:  layout_caves
Slime:3:  layout_caves, cheibrodos_slime_lost_civilization_7
Slime:4:  layout_caves, cheibrodos_slime_lost_civilization_4
Slime:5
Orc:1:    orc_temple, layout_caves, serial_shops,
          nicolae_shop_temple_entry_statues_fountains, shop, nicolae_shop_trees
Orc:2:    st_orc_congregation, layout_caves, led_sif_book, uniq_jorgrun
Elf:1:    nicolae_elf_arrival_dilemma, layout_gridlike,
          ebering_ghost_disaster_area, hangedman_elven_crosses_minicolossus
Elf:2:    elven_hall_of_blades_hangedman_original
          [nicolae_blade_entry_crossed_weapons], layout_rooms,
          nicolae_elf_v_pinch
Elf:3:    elf_hall, layout_loops_cross, basic_altar, serial_shops,
          nicolae_shop_hallway_plus
Vaults:1: ontoclasm_vaults_shuriken, nicolae_vaults_disjoint_gnomons, v_misc_4,
          vaults_room_fours, hangedman_vaults_stretched_pinwheel,
          vaults_room_hallway, hangedman_vaults_slither,
          vaults_mumra_minichess_inversion, vaults_room_fancy_cross, v_misc_12,
          vaults_room_grid, layout_vaults_omnicross
Vaults:2: ebering_ghost_inner_flame, hangedman_vaults_slice,
          vaults_room_door_hall, nicolae_vaults_border_crossing,
          vaults_standard_mumra_lines, ontoclasm_vaults_misaligned,
          nicolae_vaults_yaktaur_gun_rack, hangedman_vaults_restitches,
          vaults_room_door_ring, layout_vaults_omnigrid, serial_shops,
          nicolae_diamond_shop, shop, shop, nicolae_shop_statue_plus
Vaults:3: vaults_room_door_ring, hangedman_vaults_stagger,
          minmay_crypt_entry_skeletal_spiral, v_rooms_3, v_misc_26,
          vaults_room_stairs_pillars, v_misc_15, grunt_vaults_diagonal,
          nicolae_vaults_little_squares_2, dpeg_vaults_pockets_of_resistance,
          layout_vaults_maze_bifur
Vaults:4: v_alt_pattern_2, v_misc_17, v_rooms_1,
          nicolae_vaults_network_quinsquares
          [nicolae_vaults_network_quincunx_subvault,
          nicolae_vaults_network_quincunx_subvault,
          nicolae_vaults_network_quincunx_subvault,
          nicolae_vaults_network_quincunx_subvault], vaults_mumra_chevron,
          nicolae_vaults_network_square, v_misc_8, v_misc_14, vaults_dpeg_cross,
          serial_ice_h, nicolae_vaults_hallways_thing,
          nicolae_vaults_big_angled_halls, vaults_mumra_hex,
          nicolae_vaults_little_squares_3, layout_vaults_big_room, serial_shops,
          nicolae_shop_hallway_plus
Vaults:5
Crypt:1:  layout_chaotic_city, minivault_5, minivault_23, uniq_saint_roka
Crypt:2:  layout_rooms
Crypt:3:  quadcrypt_mu, uniq_zenata, uniq_frederick
Tomb:1
Depths:1: layout_gridlike, hangedman_coc_ice_floe, minmay_misc_feat_rugged,
          minmay_misc_feat_room, hangedman_glass_teeth,
          okawaru_altar_gauntlet_db
Depths:2: dreamdust_merry_men, layout_gridlike, hell_entry,
          rand_demon_pan_entry_1, serial_bayou_shore_a, minmay_shop_grove,
          infiniplex_staircase_9_rooms, serial_bayou_shore_b,
          serial_bayou_shore_b
Depths:3: minmay_sliced_demisemicircle, layout_cave_pools, enter_ziggurat_f,
          mu_enter_wizlab_2, abyss_entry, serial_sigils_hangedman_gut,
          hell_entry, serial_bayou_shore_b
Depths:4: evilmike_zot_entry_gauntlet, layout_gridlike, hell_entry,
          nicolae_ru_the_path_less_chosen, abyss_entry_flame_altar,
          serial_bayou_shore_b, uniq_parghit
Zot:1:    layout_gridville
Zot:2:    layout_gridlike, bh_zot_ikea_curve, uniq_vv
Zot:3:    layout_basic
Zot:4:    layout_cathedral_of_symmetry
Zot:5:    layout_gridlike
Pan:      rand_demon_9, layout_irregular_city, rand_demon_2, layout_gridlike,
          nicolae_pan_lom_lobonic_2, cerebov_grunt_fire_and_steel,
          layout_onion_city, pan_blood_fountain_small, grunt_pan_frozen_over,
          layout_irregular_city, nicolae_pan_sigil_itan,
          nicolae_pan_strange_glyphs [nicolae_pan_strange_glyph_worry,
          nicolae_pan_strange_glyph_acedia,
          nicolae_pan_strange_glyph_loneliness, nicolae_pan_strange_glyph_fear],
          nicolae_pan_cerebovesque_3, gammafunk_its_a_trap,
          layout_irregular_city, reaverb_pan_figure_eight,
          evilmike_gloorx_vloq_box, layout_irregular_city,
          pan_blood_fountain_small, grunt_pan_in_and_out, layout_irregular_city,
          rand_demon_5, layout_long_grid, evilmike_mini_pan_doors,
          layout_gridlike, pan_disco_hall, layout_stronghold,
          pan_blood_fountain_small, grunt_pan_in_and_out, layout_basic,
          mnoleg_grunt_wretched_star, layout_basic, lom_lobon, layout_long_grid,
          evilmike_holy_pan, nicolae_pan_hourglass, layout_irregular_city,
          evilmike_mini_pan_other_thingy, layout_chambers,
          nicolae_pan_giant_door, layout_cellular_growth,
          pan_blood_fountain_small, evilmike_mini_pan_thingy,
          layout_cellular_growth, evilmike_mini_pan_V, layout_grid_shapes

Skill      XL: |  1  2  3  4  5  6  7  8  9 10 11 12 13 14 15 16 17 18 19 20 21 22 23 24 25 26 27 |
---------------+----------------------------------------------------------------------------------+-----
Dodging        | 2 3 4 6 11 | 11.2
Stealth        | 1 2 3 4 7 8 9 10 11 13 | 13.6
Spellcasting   | 2 3 4 6 8 9 10 11 12 13 14 15 16 17 18 19 20 23 | 23.9
Armour         | 1 2 4 7 10 12 16 | 16.0
Fire Magic     | 2 3 4 6 7 8 9 11 13 15 16 18 19 20 21 | 21.4
Conjurations   | 1 2 3 4 5 7 8 11 12 13 14 15 16 17 18 19 20 | 20.3
Fighting       | 2 3 5 7 8 9 10 11 12 13 14 16 17 18 19 20 23 | 23.0
Earth Magic    | 2 4 5 |  5.0
Poison Magic   | 2 5 |  5.0
Transmutations | 2 17 | 17.0
Crossbows      | 3 4 |  4.0
Evocations     | 2 3 4 8 |  8.0
Shields        | 2 4 5 7 8 9 10 11 13 18 | 18.6
Air Magic      | 5 6 |  6.0
Translocations | 5 6 9 10 | 10.0
Ice Magic      | 4 5 20 | 20.4
Necromancy     | 5 6 17 | 17.0
Long Blades    | 11 | 11.0
Hexes          | |  3.6

Action                   |  1- 3 |  4- 6 |  7- 9 | 10-12 | 13-15 | 16-18 | 19-21 | 22-24 | 25-27 || total
-------------------------+-------+-------+-------+-------+-------+-------+-------+-------+-------++-------
Melee: Dagger            |    45 |   171 |   147 |       |       |       |       |       |       ||   363
       Hand crossbow     |     4 |       |       |       |       |       |       |       |       ||     4
       Punch             |       |     6 |     2 |     2 |       |       |       |       |       ||    10
       Staff             |       |       |    46 |    34 |    58 |    40 |    39 |     6 |   126 ||   349
       Scimitar          |       |       |       |     8 |       |       |       |       |       ||     8
       Short sword       |       |       |       |     2 |       |       |       |       |       ||     2
       Flail             |       |       |       |     1 |     8 |       |     1 |    18 |    35 ||    63
       Triple sword      |       |       |       |       |       |       |       |       |    29 ||    29
 Fire: Hand crossbow     |    79 |   152 |   190 |   148 |   162 |   225 |    42 |       |    10 ||  1008
Throw: Dart              |       |       |       |       |     4 |     5 |       |     1 |     3 ||    13
 Cast: Slow              |     9 |    65 |    62 |     6 |       |       |     2 |       |       ||   144
       Conjure Flame     |       |     5 |    29 |    31 |    31 |     1 |     5 |     2 |     1 ||   105
       Stone Arrow       |       |       |    47 |    41 |    34 |     3 |    23 |       |       ||   148
       Sticky Flame      |       |       |     7 |    29 |    58 |    30 |    36 |    17 |    35 ||   212
       Olgreb's Toxic Ra |       |       |     1 |    68 |    65 |   110 |    83 |    14 |     1 ||   342
       Ignite Poison     |       |       |     1 |    61 |    75 |   118 |    93 |    18 |     1 ||   367
       Fireball          |       |       |       |    17 |    51 |    89 |    71 |     9 |    37 ||   274
       Orb of Destructio |       |       |       |       |    41 |   122 |   225 |   135 |   445 ||   968
       Conjure Ball Ligh |       |       |       |       |    36 |    46 |    15 |     3 |    19 ||   119
       Passage of Golubr |       |       |       |       |       |    16 |    22 |    21 |    57 ||   116
       Freezing Cloud    |       |       |       |       |       |    37 |    74 |     5 |    30 ||   146
       Sublimation of Bl |       |       |       |       |       |       |    49 |   149 |   755 ||   953
       Fire Storm        |       |       |       |       |       |       |    31 |   218 |   805 ||  1054
       Polar Vortex      |       |       |       |       |       |       |       |       |   362 ||   362
 Abil: Shaft Self        |     2 |       |     5 |     1 |     1 |     2 |       |       |     1 ||    12
       Dig               |       |     2 |     6 |       |     2 |     1 |     1 |     5 |     6 ||    23
Evoke: Wand              |       |       |       |     2 |     5 |    16 |    10 |       |     6 ||    39
       Phial of floods   |       |       |       |       |     1 |     2 |     1 |       |     1 ||     5
  Use: Scroll            |       |     4 |    12 |     4 |    15 |     5 |     4 |     3 |    20 ||    67
       Potion            |       |       |     4 |     1 |     1 |     6 |     5 |    10 |    42 ||    69
 Stab: Distracted        |       |       |     1 |       |       |       |       |       |     1 ||     2
       Sleeping          |       |       |       |     2 |       |       |       |       |       ||     2
Armor: Robe              |    26 |     9 |       |    33 |    58 |    59 |    62 |     1 |       ||   248
       Leather armour    |       |    28 |    76 |     2 |       |       |       |       |       ||   106
       Troll leather arm |       |       |       |       |       |       |    25 |    50 |    87 ||   162
       Ring mail         |       |       |       |       |       |       |       |       |   414 ||   414
Dodge: Dodged            |    68 |   118 |   267 |    84 |   159 |   153 |   190 |    78 |   378 ||  1495
Block: Other             |       |       |       |    15 |       |       |       |       |       ||    15
       Reflection        |       |       |       |     4 |    12 |    33 |    38 |       |    18 ||   105
       Buckler           |       |       |       |    15 |   121 |   134 |   157 |     8 |       ||   435
       Kite shield       |       |       |       |       |       |       |       |    47 |   776 ||   823

Table legend: (Time is in decaauts)
 A = Elapsed time spent in this place.
 B = Non-inter-level travel time spent in this place.
 C = Inter-level travel time spent in this place.
 D = Time resting spent in this place.
 E = Time spent auto-exploring this place.
 F = Levels seen in this place.
 G = Mean time per level.
                   A        B        C        D        E       F      G
               +--------+--------+--------+--------+--------+-----+--------+
         Total | 133114 | 116744 |  16370 |  37454 |  35650 |  80 | 1663.9 |
       Dungeon |  30844 |  23126 |   7718 |   7782 |   7219 |  15 | 2056.3 |
          Lair |  11962 |  10040 |   1922 |   4299 |   3402 |   6 | 1993.7 |
        Shoals |   8450 |   7995 |    455 |   4431 |   1479 |   4 | 2112.5 |
     Snake Pit |   8827 |   8456 |    371 |   4608 |   1762 |   4 | 2206.8 |
    Slime Pits |   3817 |   3411 |    406 |   1040 |   1226 |   5 |  763.4 |
  Orcish Mines |   4163 |   3454 |    709 |   1490 |    809 |   2 | 2081.5 |
   Elven Halls |   6271 |   5881 |    390 |   2434 |   1372 |   3 | 2090.3 |
        Vaults |   9755 |   8425 |   1330 |   1326 |   3768 |   5 | 1951.0 |
         Crypt |   3992 |   3477 |    515 |    493 |   1171 |   3 | 1330.7 |
          Tomb |    406 |    406 |      0 |     45 |      0 |   1 |  406.0 |
        Depths |  10948 |   8978 |   1970 |   4164 |   1721 |   4 | 2737.0 |
           Zot |   6793 |   6213 |    580 |   1242 |   1755 |   5 | 1358.6 |
   Pandemonium |  23315 |  23315 |      0 |   2318 |   9806 |  19 | 1227.1 |
         Trove |     48 |     48 |      0 |      0 |      0 |   1 |   48.0 |
       Ossuary |   1162 |   1162 |      0 |    643 |     27 |   1 | 1162.0 |
        Wizlab |   1347 |   1347 |      0 |    813 |      0 |   1 | 1347.0 |
      Gauntlet |   1005 |   1005 |      0 |    325 |    131 |   1 | 1005.0 |
               +--------+--------+--------+--------+--------+-----+--------+

Top non-repeatable levels by time:
Depths:2: 4166 daAuts
    D:12: 3736 daAuts
     D:8: 3564 daAuts
 Snake:4: 3451 daAuts
  Lair:4: 3222 daAuts
    D:15: 3164 daAuts
   Elf:1: 3125 daAuts
 Snake:3: 3086 daAuts
    D:13: 2966 daAuts
Depths:1: 2898 daAuts
   Orc:1: 2645 daAuts
Shoals:4: 2479 daAuts
    D:14: 2444 daAuts
 Crypt:3: 2352 daAuts
     D:4: 2277 daAuts
